 Dungeon Crawl Stone Soup version 0.18.1-1-g2f07953 (webtiles) character file.

28 oplop the Insei (level 3, 0/23 HPs)
             Began as an Octopode Transmuter on May 7, 2016.
             Slain by a goblin (3 damage)
             ... on level 2 of the Dungeon.
             The game lasted 00:01:10 (842 turns).

oplop the Insei (Octopode Transmuter)                Turns: 842, Time: 00:01:10

Health: 0/23       AC:  3    Str:  9    XL:     3   Next: 12%
Magic:  6/6        EV: 18    Int: 16    God:
Gold:   55         SH:  0    Dex: 17    Spells: 1 memorised, 5 levels left

rFire  . . .     SeeInvis .       - Unarmed
rCold  . . .     Gourm    .     (no shield)
rNeg   . . .     Faith    .     n - +2 hat
rPois  .         Spirit   .     (no amulet)
rElec  .         Dismiss  .     (no ring)
rCorr  .         Reflect  .     (no ring)
SustAt .         Harm     .     (no ring)
MR     .....                    (no ring)
Stlth  ++++......               (no ring)
                                (no ring)
                                (no ring)
                                (no ring)

@: agile, appendage (expiring), not resistant to hostile enchantments, stealthy
A: almost no armour, amphibious, 8 rings, constrict 8, tentacle spike 3,
camouflage 1, gelatinous body 1
a: End Transformation


You were on level 2 of the Dungeon.
You were not hungry.
One of your tentacles had a temporary spike.
You visited 1 branch of the dungeon, and saw 2 of its levels.

You collected 55 gold pieces.

Inventory:

Missiles
 a - 24 arrows
Armour
 n - a +2 hat (worn)
Jewellery
 l - an uncursed amulet of the gourmand {unknown}
Scrolls
 d - 3 scrolls of identify {unknown}
 f - a scroll of enchant weapon {unknown}
 g - 2 scrolls of magic mapping {unknown}
 k - 3 scrolls of remove curse {unknown}
Potions
 e - a potion of agility
 i - a potion of berserk rage {unknown}
 j - 2 potions of haste {unknown}
 m - a potion of curing {unknown}
Books
 b - a book of Changes

   Spells                             Type                      Level
   a - Beastly Appendage              Transmutation                1
   b - Sticks to Snakes               Transmutation                2
   c - Spider Form                    Transmutation/Poison         3
   d - Ice Form                       Ice/Transmutation            4
   e - Blade Hands                    Transmutation                5
Comestibles
 c - 2 bread rations
 h - a meat ration


   Skills:
 + Level 1.4 Fighting
 + Level 2.5 Dodging
 + Level 3.1 Unarmed Combat
 + Level 2.3 Spellcasting
 * Level 2.2 Transmutations


You had 5 spell levels left.
You knew the following spells:

 Your Spells              Type           Power        Failure   Level  Hunger
a - Beastly Appendage     Trmt           #.....       10%         1    #......


Dungeon Overview and Level Annotations

Branches:
Dungeon (2/15)

Altars:

Annotations:
D:2 Terence


Innate Abilities, Weirdness & Mutations

You cannot wear most types of armour.
You are amphibious.
You can wear up to eight rings at the same time.
You can use your tentacles to constrict eight enemies at once.
Your skin changes colour to match your surroundings (Stealth).
Your rubbery body absorbs attacks (AC +1).
One of your tentacles bears a large vicious spike.


Message History

You constrict Terence, but do no damage.
You constrict the dart slug. Terence completely misses you.
The goblin barely misses you.
Unknown command.
You tentacle-slap Terence but do no damage.
You squeeze Terence, but do no damage.
Terence is moderately wounded.
You constrict Terence. You constrict the dart slug.
You kill the dart slug!
Terence looks scornfully at you. Terence hits you with a short sword.
* * * LOW HITPOINT WARNING * * *
The goblin hits you.
* * * LOW HITPOINT WARNING * * *
Unknown command.
Drink which item? (? for menu, Esc to quit)
It was a potion of agility.
You feel agile all of a sudden.
You constrict Terence. Terence closely misses you. The goblin hits you.
You die...

#.# #.# .. #.# #.. . #$#
#.# .# #.# #.# ^.#
###########.###.##..##.
........<....(.........
############...!...###..
......#.g##....%.
.........@†......
######...@)......
#.#.######## #.#.# #.#.#
#.#.# #.# #.


You could see Terence and a goblin.

Vanquished Creatures
  An ooze (D:1)
  A dart slug (D:2)
  A ball python (D:1)
  2 bats (D:1)
  2 giant cockroaches (D:1)
  2 goblins (D:1)
  2 hobgoblins (D:1)
  A giant newt (D:1)
  7 kobolds
  2 rats
21 creatures vanquished.

Notes
Turn   | Place    | Note
--------------------------------------------------------------
     0 | D:1      | oplop the Octopode Transmuter began the quest for the Orb.
     0 | D:1      | Reached XP level 1. HP: 13/13 MP: 3/3
   137 | D:1      | Reached XP level 2. HP: 11/18 MP: 1/5
   699 | D:1      | Reached XP level 3. HP: 22/23 MP: 6/6
   831 | D:2      | Noticed Terence
   842 | D:2      | Slain by a goblin

Action                   || total
-------------------------++-------
Melee: Unarmed           ||    50
       Tentacles         ||    11
       Constrict         ||    13
       Kick              ||    10
 Cast: Beastly Appendage ||    10
  Use: Potion            ||     1
 Stab: Sleeping          ||     5
Armor: Skin              ||     4
Dodge: Dodged            ||    37
